 Dungeon Crawl Stone Soup version 0.27.1-2-g3b301248ec (webtiles) character file.

Game seed: 7434035552043016985

351 jfcaron the Skirmisher (level 6, 0/48 HPs)
             Began as a Djinni Air Elementalist on Sept 25, 2021.
             Slain by a centaur (5 damage)
             ... on level 5 of the Dungeon.
             The game lasted 00:20:36 (5101 turns).

jfcaron the Skirmisher (Djinni Air Elementalist)    Turns: 5101, Time: 00:20:38

Health: 0/48       AC:  2    Str:  7    XL:     6   Next: 93%
Gold:   95         EV: 12    Int: 19    God:
                   SH:  0    Dex: 13

rFire    + + .     SeeInvis .   q - staff of air
rCold    x . .     Faith    .   (no shield)
rNeg     . . .     Spirit   .   a - +0 robe
rPois    ∞         Reflect  .   (no helmet)
rElec    +         Harm     .   (no cloak)
rCorr    .         Rampage  .   (no gloves)
Will     .....                  (boots unavailable)
Stlth    ++........             (no amulet)
HPRegen  0.16/turn              (no ring)
MPRegen  0.00/turn              (no ring)

@: flying
A: sickness immunity, fire resistance 2, cold vulnerability 1, float, innate
caster, hp casting, extra vitality 1
a: no special abilities


You were on level 5 of the Dungeon.
You visited 1 branch of the dungeon, and saw 5 of its levels.

You collected 179 gold pieces.
You spent 84 gold pieces at shops.

Inventory:

Hand Weapons
 e - a +0 dagger
 r - a +0 antimagic mace
Missiles
 b - 4 javelins
 h - 99 stones
 l - 53 poisoned darts
 s - 5 boomerangs
 u - 9 arrows
Armour
 a - a +0 robe (worn)
 f - a +0 leather armour of cold resistance
Magical Staves
 q - a staff of air (weapon)
Scrolls
 o - a scroll of noise
 t - a scroll of identify
Potions
 c - 2 potions of resistance
 d - a potion of ambrosia {unknown}
 g - a potion of brilliance
 i - 2 potions of berserk rage
 j - a potion of heal wounds
 k - a potion of cancellation {unknown}
 m - 2 potions of curing
 n - a potion of haste {unknown}
 p - a potion of might {unknown}
 v - a potion of mutation {unknown}
 w - a potion of lignification


   Skills:
 + Level 4.4 Fighting
 - Level 2.1 Dodging
 - Level 1.5 Stealth
 + Level 4.2 Spellcasting


You couldn't memorise any spells.
You knew the following spells:

 Your Spells              Type           Power      Damage    Failure   Level
a - Shock                 Conj/Air       100%       1d9       2%          1
b - Static Discharge      Conj/Air       30%        N/A       3%          2
c - Swiftness             Air            30%        N/A       7%          3
d - Airstrike             Air            15%        N/A       22%         4
e - Beastly Appendage     Tmut           40%        N/A       2%          1
f - Searing Ray           Conj           40%        3d4       3%          2
Your spell library was empty.

Dungeon Overview and Level Annotations

Branches:
Dungeon (5/15)
 Temple: D:4-7

Altars:
Okawaru

Shops:
D:2 !   D:3 !*!*[

Annotations:
D:3 Yajnam's ghost, amateur TeWn
D:4 3 runed translucent doors, 12sPaWn12's ghost, amateur GrFi


Innate Abilities, Weirdness & Mutations

You are immune to sickness and miasma.
You are immune to poison.
Your flesh is very heat resistant. (rF++)
You are vulnerable to cold. (rC-)
You float through the air rather than walking.
You learn spells naturally, not from books.
Your magical power is your life essence.
You have superior vitality. (+4 HP)


Message History

* * * LOW HITPOINT WARNING * * *
The centaur kicks you.
* * * LOW HITPOINT WARNING * * *
Unknown command.
You feel much better. The centaur closely misses you.
The centaur kicks you but does no damage.
Casting: Searing Ray (safe; 3% risk of failure)
Confirm with . or Enter, or press ? or * to list all spells.
You feel a surge of power!
The white imp is struck by an arc of lightning!
The white imp is almost dead.
You resist.
You are struck by an arc of lightning.
The lightning grounds out.
The centaur is struck by an arc of lightning.
The centaur is heavily wounded.
You resist.
You are struck by an arc of lightning.
The white imp is struck by an arc of lightning.
You kill the white imp!
The lightning grounds out.
The centaur hits you. The centaur closely misses you. The centaur hits you.
* * * LOW HITPOINT WARNING * * *
The centaur closely misses you.
Casting: Static Discharge (safe; 3% risk of failure)
Confirm with . or Enter, or press ? or * to list all spells.
Aiming: Searing Ray (safe; 3% risk of failure)
Press: ? - help, Shift-Dir - straight line, f/p - centaur
Aim: a centaur, quivering arrows (heavily wounded, 87% to hit)
The searing ray hits the centaur.
The centaur is severely wounded. (Press . to maintain the ray.)
* * * LOW HITPOINT WARNING * * *
The centaur barely misses you. The centaur kicks you.
* * * LOW HITPOINT WARNING * * *
The searing ray hits the centaur.
The centaur is almost dead.
* * * LOW HITPOINT WARNING * * *
The centaur hits you.
* * * LOW HITPOINT WARNING * * *
The centaur kicks you but does no damage.
The centaur hits you.
You die...

####
#.###########....
.................
### ##.....
....... ...
...... #.c.# #.#
#.....# #@#.# #.#
#.# #.###...# #.#
#.# #...$###...#
#.# #.###..#.#
#.# ##.###
#.##.....# .#
..<..#
#.##..###..#
####.###.##..#
.#.# #.........#
.. .#
########.....##.
..


You could see a centaur.

Vanquished Creatures
  A hound (D:4)
  2 jellies
  An orc wizard (D:4)
  A hound skeleton (D:4)
  8 adders
  4 gnolls (D:4)
  A white imp (D:5)
  2 worms (D:3)
  3 dart slugs
  7 orcs
  4 ball pythons
  5 bats
  8 endoplasms
  3 giant cockroaches
  8 goblins
  7 hobgoblins
  10 jackals
  5 kobolds
  2 quokkas
  2 frilled lizards
  8 rats
  A spectral hobgoblin (D:2)
  8 plants (D:3)
101 creatures vanquished.

Notes
Turn   | Place    | Note
-------+----------+-------------------------------------------
     0 | D:1      | jfcaron the Djinni Air Elementalist began the quest for the
                  | Orb.
     0 | D:1      | Reached XP level 1. HP: 15/15 MP: 0/0
   283 | D:1      | Reached XP level 2. HP: 19/22 MP: 0/0
   349 | D:1      | Reached skill level 1 in Fighting
   705 | D:1      | Reached XP level 3. HP: 16/27 MP: 0/0
   705 | D:1      | Learned a level 1 spell: Beastly Appendage
  1296 | D:2      | Reached XP level 4. HP: 30/33 MP: 0/0
  1679 | D:2      | Found Xipseis's Distillery.
  1688 | D:2      | Bought a potion of curing for 36 gold pieces
  1688 | D:2      | Bought a potion of degeneration for 12 gold pieces
  1796 | D:2      | Found a faded altar of an unknown god.
  2033 | D:3      | Found a runed translucent door.
  2220 | D:3      | Found Jyhiratokh's General Store.
  2240 | D:3      | Found Daleg's Distillery.
  2252 | D:3      | Found Desuifro's Assorted Antiques.
  2322 | D:3      | Found Bohuox's Armour Boutique.
  2346 | D:3      | Noticed Yajnam's ghost (amateur TeWn)
  2820 | D:3      | Found Taolorem's Distillery.
  2873 | D:3      | Reached XP level 5. HP: 39/40 MP: 0/0
  2873 | D:3      | Learned a level 2 spell: Searing Ray
  3284 | D:4      | Found an iron altar of Okawaru.
  3466 | D:4      | Reached XP level 6. HP: 19/46 MP: 0/0
  3995 | D:4      | Found a runed translucent gate.
  3996 | D:4      | Found a runed translucent gate.
  3997 | D:4      | Found a runed translucent gate.
  4004 | D:4      | Noticed 12sPaWn12's ghost (amateur GrFi)
  4274 | D:3      | HP: 7/47 [Yajnam's ghost (6)]
  4600 | D:2      | Bought a potion of lignification for 36 gold pieces
  4709 | D:5      | Entered Level 5 of the Dungeon
  4898 | D:5      | Noticed a necrophage
  5097 | D:5      | HP: 9/48 [centaur (6)]
  5101 | D:5      | Slain by a centaur

Illustrated notes

Levels and vault maps discovered:
D:1:      eino_arrival_water_cross, layout_basic, columned_hall_lemuel,
          hex_intersection, minmay_misc_feat_secret_circle,
          minmay_split_cup_large
D:2:      layout_loops_ring, dreamdust_ecumenical_altar_drowned_temple,
          serial_shops, nicolae_shop_trees
D:3:      layout_basic, serial_shops, nicolae_shop_waterfront, shop, shop, shop,
          shop, ebering_ghost_sewer_d, hex_intersection, chequers_big_river,
          kennysheep_generic_room_7
D:4:      layout_rooms, mainiacjoe_overflow_surrounded_room,
          ebering_ghost_rock_garden
D:5:      layout_basic, mainiacjoe_overflow_paths,
          minmay_temple_entry_statues_fountains, minmay_starry_boxes

Skill      XL: |  1  2  3  4  5  6 |
---------------+-------------------+-----
Fighting       | 1 2 3 4 |  4.4
Spellcasting   | 3 4 |  4.2
Dodging        | |  2.1
Stealth        | |  1.5

Action                   |  1- 3 |  4- 6 || total
-------------------------+-------+-------++-------
Melee: Dagger            |     3 |       ||     3
 Cast: Shock             |    53 |   113 ||   166
       Static Discharge  |       |    14 ||    14
       Searing Ray       |       |     7 ||     7
       Swiftness         |       |     2 ||     2
  Use: Scroll            |     4 |     4 ||     8
       Potion            |       |     1 ||     1
Armor: Robe              |       |     6 ||     6
Dodge: Dodged            |     9 |    30 ||    39
